 Dungeon Crawl Stone Soup version 0.29-a0-841-g116ddc6ace (webtiles) character file.

Game seed: 7578185846527945137

7707 mathmaestro the Artisan of Death (level 11, 44/85 HPs)
             Began as a Demonspawn Necromancer on July 15, 2022.
             Was a Priest of Kikubaaqudgha.
             Quit the game on level 9 of the Dungeon.
             The game lasted 00:33:38 (11117 turns).

mathmaestro the Artisan of Death (DsNe)            Turns: 11117, Time: 00:33:39

Health: 44/85      AC: 19    Str:  9    XL:     11   Next: 0%
Magic:  3/22       EV: 14    Int: 21    God:    Kikubaaqudgha [***...]
Gold:   795        SH:  0    Dex: 20    Spells: 6/24 levels left

rFire   . . .      SeeInvis .   x - +5 falchion "Deareda" {pain, Dex+7}
rCold   . . .      Faith    .   (no shield)
rNeg    . . .      Spirit   +   d - +3 leather armour of Fearph {+Blink}
rPois   .          Reflect  .   s - +0 helmet
rElec   .          Harm     .   i - +1 cloak {Will+}
rCorr   .          Rampage  .   (no gloves)
Will    +....                   (no boots)
Stlth   +++.......              A - amulet of the acrobat
HPRegen 0.24/turn               j - +4 ring of slaying
MPRegen 0.36/turn               K - +4 ring of slaying

@: sanguine armoured, animating dead
A: magic shield, magic regeneration, sanguine armour 2, demonic magic 1, demonic
touch 2
a: Renounce Religion, Evoke Blink, Unearth Wretches


You were on level 9 of the Dungeon.
You worshipped Kikubaaqudgha.
Kikubaaqudgha was most pleased with you.
You visited 1 branch of the dungeon, and saw 9 of its levels.
You also visited: Bailey.

You collected 795 gold pieces.

Inventory:

Hand Weapons
 m - the +4 hammer "Plog" {vorpal, rPois}
   (You found it on level 2 of the Dungeon)

   It inflicts extra damage upon your enemies.
   rPois:     It protects you from poison.
 x - the +5 falchion "Deareda" (weapon) {pain, Dex+7}
   (You found it on level 7 of the Dungeon)

   In the hands of one skilled in necromantic magic, it inflicts extra damage on
   living creatures.
   Dex:       It affects your dexterity (+7).
Missiles
 l - 23 boomerangs (quivered)
Armour
 d - the +3 leather armour of Fearph (worn) {+Blink}
   (You found it on level 2 of the Dungeon)

   +Blink:    It lets you blink.
 g - a +2 leather armour of fire resistance
 i - a +1 cloak of willpower (worn)
 s - a +0 helmet (worn)
 y - the +0 pair of gloves "Epti" {Harm rPois rC++ Stlth+}
   (You found it on level 7 of the Dungeon)

   rC:        It greatly protects you from cold.
   rPois:     It protects you from poison.
   Harm:      It increases damage dealt and taken.
   Stlth:     It makes you more stealthy.
 D - a +0 pair of boots of flying
Jewellery
 j - a +4 ring of slaying (left hand)
 A - an amulet of the acrobat (around neck)
 H - a ring of protection from cold
 K - a +4 ring of slaying (right hand)
Wands
 o - a wand of paralysis (6)
 w - a wand of polymorph (8)
 I - a wand of digging (5)
Scrolls
 f - 4 scrolls of teleportation
 n - 3 scrolls of blinking
 r - a scroll of identify
 t - a scroll of summoning
 v - 2 scrolls of amnesia
 B - a scroll of enchant weapon
 C - 2 scrolls of fear
 E - a scroll of silence
 J - a scroll of enchant armour
Potions
 a - a potion of ambrosia
 b - 2 potions of magic
 c - 6 potions of curing
 e - 6 potions of berserk rage
 h - 5 potions of flight
 k - a potion of resistance
 p - 2 potions of lignification
 q - 2 potions of haste
 u - a potion of might
 F - 4 potions of attraction {unknown}


   Skills:
 + Level 7.6 Fighting
 - Level 5.0 Armour
 - Level 5.0 Dodging
 - Level 5.0 Stealth
 + Level 7.4 Spellcasting
 + Level 9.7 Necromancy
 - Level 5.0 Evocations


You had 6 spell levels left.
You knew the following spells:

 Your Spells              Type           Power      Damage    Failure   Level
a - Necrotise             Necr           100%       1d9       1%          1
b - Vampiric Draining     Necr           48%        2d9       1%          3
c - Animate Dead          Necr           48%        N/A       1%          4
d - Sublimation of Blood  Necr           48%        N/A       1%          2
e - Agony                 Necr           48%        N/A       5%          5
f - Swiftness             Air            7%         N/A       32%         3

Your spell library contained the following spells:

 Spells                   Type           Power      Damage    Failure   Level
 Dispel Undead            Necr           48%        3d18      1%          4
 Beastly Appendage        Tmut           14%        N/A       11%         1
 Freeze                   Ice            28%        1d5       11%         1
 Shock                    Conj/Air       28%        1d4       11%         1
 Wereblood                Tmut           7%         N/A       17%         2
 Corpse Rot               Necr/Pois/Air  21%        N/A       28%         4
 Death Channel            Necr           24%        N/A       30%         6
 Frozen Ramparts          Ice            14%        1d3       32%         3
 Inner Flame              Hex/Fire       7%         N/A       32%         3
 Spider Form              Tmut/Pois      7%         N/A       32%         3
 Summon Guardian Golem    Hex/Summ       7%         N/A       32%         3
 Tukima's Dance           Hex            7%         N/A       32%         3
 Airstrike                Air            3%         0-2+      73%         4
 Fulminant Prism          Conj/Hex       3%         3d6       73%         4
 Hailstorm                Conj/Ice       7%         3d4       73%         4
 Iskenderun's Mystic Bla  Conj/Tloc      7%         2d4       73%         4
 Passage of Golubria      Tloc           7%         N/A       73%         4
 Petrify                  Tmut/Erth      7%         N/A       73%         4
 Simulacrum               Ice/Necr       14%        N/A       93%         6
 Irradiate                Conj/Tmut      3%         3d12      97%         5
 Lee's Rapid Deconstruct  Erth           3%         3d6*      97%         5
 Yara's Violent Unravell  Hex/Tmut       3%         3d4       97%         5
 Haunt                    Necr/Summ      14%        N/A       100%        7
 Orb of Destruction       Conj           3%         9d5       100%        7
 Spellforged Servitor     Conj/Summ      3%         N/A       100%        7
 Infestation              Necr           24%        N/A       100%        8
 Fire Storm               Conj/Fire      3%         8d1       100%        9


Dungeon Overview and Level Annotations

Branches:
Dungeon (9/15)             Temple (0/1) D:7            Lair (0/6) D:9
 Bailey (visited)
    Orc: D:9-12

Altars:
Kikubaaqudgha
Nemelex Xobeh
Xom

Shops:
D:5 :


Innate Abilities, Weirdness & Mutations

When hurt, damage is shared between your health and your magic reserves.
You regenerate magic rapidly.
When seriously injured, your blood forms thick armour. (AC +9)
Spells you cast may paralyse adjacent enemies.
Your touch may inflict irresistible damage on your foes.


Message History

The kobold brigand is severely wounded.
Your wyvern zombie bites the centaur!
The centaur unwields a +0 shortbow.
The centaur hits your wyvern zombie.
The centaur kicks your wyvern zombie but does no damage.
The kobold brigand completely misses you.
The wight hits you from afar with a +0 trident.
You feel drained.
Your wyvern zombie barely misses the centaur.
You barely miss the kobold brigand.
You touch the kobold brigand!
The kobold brigand is almost dead.
The centaur hits your wyvern zombie. The centaur kicks your wyvern zombie.
Your wyvern zombie closely misses the centaur.
The centaur hits your wyvern zombie but does no damage.
The centaur kicks your wyvern zombie. The wight misses you.
The kobold brigand misses you.
You slash the kobold brigand!
You kill the kobold brigand!
Kikubaaqudgha accepts your kill.
The centaur hits your wyvern zombie but does no damage.
The centaur kicks your wyvern zombie.
Your wyvern zombie barely misses the centaur.
The wight closely misses you. The centaur hits your wyvern zombie.
The centaur closely misses your wyvern zombie.
Your wyvern zombie bites the centaur!
The wight barely misses you.
Your life force feels restored.
Unknown command.
Casting: Vampiric Draining (safe; 1% risk of failure)
Confirm with . or Enter, or press ? or * to list all spells.
Aiming: Necrotise (safe; 1% risk of failure)
Press: ? - help, Shift-Dir - straight line, f - centaur
Aim: a centaur (almost dead, not watching you, ally target, chance to affect: 83%)
The centaur writhes in agony.
You kill the centaur!
Kikubaaqudgha accepts your kill.
The dead are walking!
The wight closely misses you.
You have reached level 11!
Your demonic ancestry asserts itself...
A menacing aura infuses your magic.
Unknown command.
Are you sure you want to abandon this character and quit the game? (Confirm with "yes".)

###.# ## #...# # .#
#.### .. )# ##.# # .. .#
## #..# # #. .# ..
..###Z## ## #.#Z
.#.....#.# ##.
#Zz)###....##.#.###..
#@..# .##.#.##..# #.
#.#.# #.##.#.#..##
#...###)..##..##...#.##
.............###...#.#
....!...)..####..#..)###
##.#######.####.##......
.. #......##.####.
######......###
##.#.##.)..


You could see a wight (ally target), a friendly wyvern zombie and a friendly
centaur zombie.

Vanquished Creatures
  A two-headed ogre (D:9)
  Maggie (D:6)
  A komodo dragon (D:9)
  Grinder (D:5)
  2 hornets (D:9)
  A wyvern (D:9)
  A spriggan (D:8)
  A shadow (D:9)
  3 yaks (D:9)
  3 steam dragons
  Menkaure (D:6)
  Edmund (D:6)
  A water moccasin (D:5)
  6 orc warriors
  Duvessa (D:7)
  A sky beast (D:8)
  3 ice beasts
  2 centaurs
  2 ogres (D:5)
  3 phantoms
  2 kobold brigands
  A bullfrog (D:6)
  A necrophage (D:6)
  8 scorpions
  A gnoll sergeant (D:9)
  Dowan (D:7)
  14 wights
  7 killer bees (D:9)
  3 hounds (D:6)
  2 jellies
  An orc priest (D:9)
  Crazy Yiuf (D:2)
  4 iguanas
  Terence (D:2)
  3 orc wizards (D:8)
  5 gnolls
  8 adders
  2 white imps
  An ufetubus (D:7)
  4 worms
  2 dart slugs (D:1)
  38 orcs
  15 bats
  5 endoplasms
  3 giant cockroaches
  6 goblins
  10 hobgoblins
  6 jackals
  3 quokkas
  6 ball pythons
  2 frilled lizards
  17 kobolds
  4 rats
223 creatures vanquished.

Vanquished Creatures (collateral kills)
  An orc warrior (Bailey)
  A bullfrog (D:8)
  An orc priest (D:8)
  An orc (D:8)
  An endoplasm (D:2)
  A hobgoblin (Bailey)
  2 kobolds (Bailey)
  A quokka (D:3)
9 creatures vanquished.

Vanquished Creatures (others)
  A wyvern (D:9)
  A steam dragon (D:9)
  A hornet zombie (D:9)
  A sky beast (D:7)
  A kobold brigand (D:9)
  An orc wizard (D:9)
  2 elf zombies (D:7)
  2 steam dragon zombies (D:9)
  A gnoll zombie (Bailey)
  A goblin zombie (Bailey)
  2 hobgoblin zombies (Bailey)
  2 kobold zombies (Bailey)
  11 orc zombies
  5 fungi (D:5)
  3 plants (D:9)
35 creatures vanquished.

Grand Total: 267 creatures vanquished

Notes
Turn   | Place    | Note
-------+----------+-------------------------------------------
     0 | D:1      | mathmaestro the Demonspawn Necromancer began the quest for
                  | the Orb.
     0 | D:1      | Reached XP level 1. HP: 13/13 MP: 3/3
   469 | D:1      | Gained mutation: Your touch may inflict minor irresistible
                  | damage on your foes. [demonic ancestry]
   469 | D:1      | Reached XP level 2. HP: 9/20 MP: 0/5
  1437 | D:2      | Reached XP level 3. HP: 24/25 MP: 2/6
  1441 | D:2      | Learned a level 3 spell: Vampiric Draining
  1511 | D:2      | Reached skill level 1 in Fighting
  1696 | D:2      | Noticed Terence
  1723 | D:2      | Killed Terence
  1724 | D:2      | Reached skill level 1 in Armour
  1724 | D:2      | Gained mutation: Your touch may inflict irresistible damage
                  | on your foes. [demonic ancestry]
  1724 | D:2      | Reached XP level 4. HP: 19/32 MP: 1/7
  2020 | D:2      | Identified the +3 leather armour of Fearph {+Blink}
  2072 | D:2      | Identified the +1 robe "Myles" {Str+7}
  2264 | D:2      | Found a runed translucent door.
  2265 | D:2      | Noticed Crazy Yiuf
  2277 | D:2      | Killed Crazy Yiuf
  2300 | D:2      | Identified the +4 hammer "Plog" {vorpal, rPois}
  2730 | D:3      | Learned a level 4 spell: Animate Dead
  2869 | D:3      | Gained mutation: You regenerate magic rapidly. [demonic
                  | ancestry]
  2869 | D:3      | Reached XP level 5. HP: 30/37 MP: 4/8
  2873 | D:3      | Reached skill level 5 in Necromancy
  3981 | D:4      | Found a sparkling altar of Nemelex Xobeh.
  3985 | D:4      | Found an ancient bone altar of Kikubaaqudgha.
  3996 | D:4      | Became a worshipper of Kikubaaqudgha
  4031 | D:4      | Reached skill level 1 in Evocations
  4903 | D:5      | Entered Level 5 of the Dungeon
  5363 | D:5      | Noticed an ogre
  5370 | D:5      | Killed an ogre
  5371 | D:5      | Reached XP level 6. HP: 44/44 MP: 6/10
  5438 | D:5      | Noticed Grinder
  5439 | D:5      | Found Etaled's Book Boutique.
  5445 | D:5      | Killed Grinder
  5446 | D:5      | Gained mutation: When seriously injured, your blood forms
                  | armour. (AC +9) [demonic ancestry]
  5446 | D:5      | Reached XP level 7. HP: 48/51 MP: 11/11
  5479 | D:5      | Reached * piety under Kikubaaqudgha
  5479 | D:5      | Received a gift from Kikubaaqudgha
  5717 | D:5      | Reached skill level 6 in Necromancy
  5717 | D:5      | Reached XP level 8. HP: 24/58 MP: 9/13
  6006 | D:5      | Learned a level 2 spell: Sublimation of Blood
  7110 | D:6      | Noticed Menkaure
  7116 | D:6      | Killed Menkaure
  7117 | D:6      | Gained mutation: When seriously injured, your blood forms
                  | thick armour. (AC +9) [demonic ancestry]
  7117 | D:6      | Reached XP level 9. HP: 33/65 MP: 15/15
  7316 | D:6      | Noticed Edmund
  7324 | D:6      | Killed Edmund
  7469 | D:6      | Noticed Maggie
  7480 | D:6      | Killed Maggie
  7481 | D:6      | Reached skill level 5 in Stealth
  7528 | D:6      | Reached ** piety under Kikubaaqudgha
  7599 | D:6      | Reached skill level 7 in Necromancy
  8126 | D:7      | Reached skill level 5 in Spellcasting
  8131 | D:7      | Identified the +5 falchion "Deareda" {pain, Dex+7}
  8136 | D:7      | Identified the +0 pair of gloves "Epti" {Harm rPois rC++
                  | Stlth+}
  8230 | D:7      | Found a staircase to the Ecumenical Temple.
  8230 | D:7      | Noticed Duvessa
  8230 | D:7      | Noticed Dowan
  8240 | D:7      | Killed Duvessa
  8241 | D:7      | Reached skill level 5 in Dodging
  8251 | D:7      | Your ally Duvessa died
  8256 | D:7      | Killed Dowan
  8257 | D:7      | Reached skill level 5 in Fighting
  8277 | D:7      | Learned a level 5 spell: Agony
  8281 | D:7      | Learned a level 3 spell: Swiftness
  8331 | D:7      | Found a flagged portal.
  8532 | D:7      | Your ally Dowan died
  8558 | D:7      | Reached skill level 5 in Evocations
  8660 | Bailey   | Entered a bailey
  8879 | Bailey   | Reached *** piety under Kikubaaqudgha
  8879 | Bailey   | Received a gift from Kikubaaqudgha
  8880 | Bailey   | Reached skill level 5 in Armour
  9044 | Bailey   | Gained mutation: When hurt, damage is shared between your
                  | health and your magic reserves. [demonic ancestry]
  9044 | Bailey   | Reached XP level 10. HP: 38/74 MP: 4/18
  9049 | Bailey   | Reached skill level 8 in Necromancy
  9195 | Bailey   | Got Sif Muna's Textbook on Firn and the Pyre
 10464 | D:9      | Noticed a two-headed ogre
 10483 | D:9      | Killed a two-headed ogre
 10484 | D:9      | Reached skill level 9 in Necromancy
 10556 | D:9      | Found a shimmering altar of Xom.
 10941 | D:9      | Found a staircase to the Lair.
 11092 | D:9      | Paralysed by a wight for 2 turns
 11117 | D:9      | Gained mutation: Spells you cast may paralyse adjacent
                  | enemies. [demonic ancestry]
 11117 | D:9      | Reached XP level 11. HP: 44/85 MP: 3/22
 11117 | D:9      | Quit the game

Illustrated notes

Levels and vault maps discovered:
D:1:      lemuel_arrival_broad_hall, layout_loops_corners
D:2:      layout_loops_ring, st_stairs_8, uniq_crazy_yiuf_cottage, uniq_terence
D:3:      layout_basic, minmay_diced_spiral
D:4:      layout_gridville, grunt_temple_overflow_open, serial_forest,
          infiniplex_forest_lined_2, infiniplex_forest_join,
          infiniplex_forest_end_1, infiniplex_forest_fountain,
          infiniplex_forest_end_3, infiniplex_forest_end_3,
          chequers_serial_rivers_small_3, grunt_decor_one_mirror
D:5:      old_forge, layout_loops_ring, elyvilon_altar_5, serial_shops,
          shop_fountains, uniq_grinder
D:6:      layout_gridville, uniq_edmund, uniq_maggie, uniq_menkaure
D:7:      layout_rooms, minmay_temple_entry_offerings, enter_bailey_6,
          minmay_misc_feat_cross, amcnicky_mini_corridor_feature, uniq_duvessa
D:8:      layout_rooms, minmay_misc_feat_room
D:9:      layout_rooms, xom_confusion_cloud, david_lair_shrubbed,
          minmay_starry_boxes

Skill      XL: |  1  2  3  4  5  6  7  8  9 10 |
---------------+-------------------------------+-----
Stealth        | 2 3 4 5 |  5.0
Dodging        | 2 3 4 5 |  5.0
Fighting       | 1 2 3 4 5 7 |  7.6
Armour         | 1 2 3 5 |  5.0
Necromancy     | 5 6 7 9 |  9.7
Evocations     | 1 2 3 5 |  5.0
Spellcasting   | 3 4 5 7 |  7.4

Action                   |  1- 3 |  4- 6 |  7- 9 | 10-12 || total
-------------------------+-------+-------+-------+-------++-------
Melee: Dagger            |    15 |     8 |       |       ||    23
       Touch             |     4 |     9 |    37 |    22 ||    72
       Mace              |       |    76 |   125 |     5 ||   206
       Punch             |       |     1 |     2 |     1 ||     4
       Falchion          |       |       |    63 |   110 ||   173
Throw: Boomerang         |       |     1 |     4 |       ||     5
 Cast: Necrotise         |    47 |    62 |    69 |     4 ||   182
       Vampiric Draining |       |     3 |    12 |    13 ||    28
       Animate Dead      |       |       |     3 |     4 ||     7
       Sublimation of Bl |       |       |       |     1 ||     1
Evoke: Wand              |       |       |       |     1 ||     1
  Use: Scroll            |       |    16 |     5 |     1 ||    22
 Stab: Sleeping          |     2 |     7 |     4 |       ||    13
Armor: Robe              |     2 |       |       |       ||     2
       Leather armour    |     7 |    50 |   109 |    70 ||   236
Dodge: Dodged            |    16 |    87 |   199 |   170 ||   472

Table legend: (Time is in decaauts)
 A = Elapsed time spent in this place.
 B = Non-inter-level travel time spent in this place.
 C = Inter-level travel time spent in this place.
 D = Time resting spent in this place.
 E = Time spent auto-exploring this place.
 F = Levels seen in this place.
 G = Mean time per level.
                   A        B        C        D        E       F      G
               +--------+--------+--------+--------+--------+-----+--------+
         Total |  11260 |  11024 |    236 |   2163 |   6670 |  10 | 1126.0 |
       Dungeon |  10618 |  10382 |    236 |   1981 |   6447 |   9 | 1179.8 |
        Bailey |    642 |    642 |      0 |    182 |    222 |   1 |  642.0 |
               +--------+--------+--------+--------+--------+-----+--------+

Top non-repeatable levels by time:
     D:5: 1732 daAuts
     D:6: 1529 daAuts
     D:1: 1371 daAuts
     D:2: 1351 daAuts
     D:3: 1212 daAuts
     D:4: 996 daAuts
     D:7: 903 daAuts
     D:8: 790 daAuts
     D:9: 730 daAuts
  Bailey: 642 daAuts
